Map: Ephemeron LE

Players

LiquidMaNa (MaNa) - Winner!

  • Race: Protoss Protoss
  • League: Grandmaster
  • Spawn Location: 11:00

Vanya

  • Race: Zerg Zerg
  • League: Master
  • Spawn Location: 5:00

VOD

Have the link to the VOD?

Description

Time

  • Played on: Jan. 13, 2020, 2:21 p.m.
  • Length: 11:17
Show
View Real Time Build Order
Export as new Build Order

LiquidMaNa Protoss - Winner!

Build Orders: 1 Gate Expand, Phoenix Opening 

Get SALT Encoding   

  12  0:00  Probe  
  13  0:12  Probe  
  14  0:17  Pylon  
  14  0:24  Probe (Chrono Boost)  
  15  0:36  Probe (Chrono Boost)  
  15  0:41  Gateway  
  16  0:45  Probe (Chrono Boost)  
  17  0:50  Assimilator  
  17  0:51  Probe  
  18  1:03  Probe (Chrono Boost)  
  19  1:12  Probe (Chrono Boost)  
  20  1:27  Nexus  
  20  1:35  Cybernetics Core  
  20  1:39  Probe  
  21  1:45  Assimilator  
  21  1:51  Probe  
  22  1:54  Pylon  
  22  2:03  Probe (Chrono Boost)  
  23  2:12  Adept  
  23  2:13  Warp Gate  
  26  2:15  Probe (Chrono Boost)  
  26  2:24  Probe (Chrono Boost)  
  26  2:25  Stargate  
  27  2:30  Probe  
  28  2:40  Probe  
  28  2:42  Probe, Adept  
  32  2:52  Probe  
  32  2:54  Probe  
  34  3:04  Probe  
  35  3:06  Probe  
  35  3:08  Phoenix (Chrono Boost)  
  38  3:16  Probe  
  38  3:18  Probe  
  40  3:20  Gateway  
  43  3:28  Void Ray (Chrono Boost)  
  43  3:36  Shield Battery  
  43  3:37  Stalker  
  44  3:41  Cybernetics Core  
  44  3:44  Shield Battery  
  44  3:51  Pylon  
  44  4:04  Gateway  
  44  4:09  Void Ray (Chrono Boost)  
  48  4:10  Gateway  
  48  4:15  Zealot x2  
  52  4:23  Probe x2  
  54  4:28  Pylon  
  52  4:32  Pylon x2  
  52  4:38  Assimilator  
  52  4:43  Pylon  
  52  4:50  Oracle  
  53  5:00  Zealot  
  53  5:04  Probe  
  56  5:11  Gateway  
  51  5:15  Probe  
  51  5:16  Probe  
  52  5:24  Zealot  
  52  5:27  Probe (Chrono Boost), Void Ray  
  58  5:29  Probe (Chrono Boost)  
  57  5:39  Probe (Chrono Boost)  
  57  5:41  Probe (Chrono Boost)  
  59  5:47  Probe (Chrono Boost)  
  59  5:48  Probe (Chrono Boost)  
  59  5:50  Twilight Council  
  59  5:52  Assimilator  
  59  5:53  Probe  
  59  5:55  Probe  
  61  6:05  Probe  
  61  6:07  Probe  
  63  6:17  Probe, Robotics Facility  
  64  6:19  Probe  
  64  6:20  Zealot  
  64  6:21  Zealot  
  64  6:23  Pylon  
  69  6:28  Dark Shrine  
  69  6:29  Probe  
  69  6:31  Probe  
  71  6:41  Probe  
  71  6:43  Probe  
  71  6:45  Zealot x2  
  77  6:53  Probe  
  78  6:59  Probe  
  75  7:06  Probe  
  76  7:09  Zealot  
  78  7:17  Probe  
  78  7:18  Probe  
  77  7:27  Gateway  
  77  7:29  Probe  
  78  7:30  Gateway  
  78  7:32  Gateway  
  78  7:38  Probe  
  78  7:39  Warp Prism  
  78  7:41  Probe  
  78  7:42  Dark Templar  
  78  7:44  Gateway  
  76  7:50  Probe  
  69  7:53  Probe  
  69  7:54  Dark Templar  
  69  7:55  Nexus  
  68  7:58  Pylon  
  68  8:02  Probe  
  68  8:05  Probe  
  70  8:07  Charge  
  69  8:12  Dark Templar  
  69  8:14  Gateway x2  
  69  8:24  Dark Templar x3, Robotics Bay  
  75  8:33  Archon  
  75  8:34  Archon, Zealot  
  73  8:36  Nexus  
  73  8:38  Pylon  
  75  8:41  Zealot  
  77  8:56  Forge, Pylon, Immortal (Chrono Boost)  
  77  8:57  Zealot x2  
  77  9:00  Pylon  
  85  9:05  Dark Templar  
  85  9:08  Zealot  
  84  9:15  Sentry  
  84  9:29  Probe x2  
  86  9:32  Colossus (Chrono Boost)  
  86  9:36  Sentry x2  
  96  9:38  Zealot  
  98  9:48  Zealot x3  
  102  10:01  Shield Battery  
  102  10:02  Zealot  
  102  10:05  Archon, Shield Battery  
  104  10:11  Dark Templar x2  
  108  10:15  Archon  
  108  10:19  Colossus (Chrono Boost)  
  108  10:21  Assimilator  
  108  10:22  Assimilator  
  108  10:27  Zealot  
  116  10:36  Pylon  
  116  10:39  Shield Battery  
  116  10:41  Shield Battery  
  114  10:53  Stalker  
  114  10:55  Sentry, Stalker x4  
  124  11:02  Shield Battery  
  124  11:04  Shield Battery  
  124  11:10  Zealot x2  
Show
View Real Time Build Order
Export as new Build Order

Vanya Zerg 

Build Orders: Hatch First 

Get SALT Encoding   

  12  0:00  Drone  
  13  0:12  Overlord  
  13  0:16  Drone  
  14  0:30  Drone  
  15  0:44  Hatchery  
  15  0:48  Drone  
  15  0:52  Drone  
  15  0:55  Drone  
  17  1:00  Drone  
  18  1:08  Extractor  
  17  1:15  Spawning Pool  
  17  1:18  Drone  
  17  1:22  Drone  
  18  1:31  Drone  
  19  1:44  Drone  
  20  1:48  Hatchery  
  20  1:53  Drone  
  20  2:01  Queen  
  20  2:05  Drone  
  23  2:09  Zergling x2  
  23  2:11  Zergling x2  
  25  2:21  Metabolic Boost  
  25  2:27  Roach Warren  
  24  2:33  Overlord  
  24  3:08  Roach x4  
  32  3:16  Roach  
  34  3:21  Zergling x14  
  41  3:32  Zergling x2, Overlord  
  42  3:36  Overlord  
  42  3:46  Overlord  
  42  3:51  Zergling x8  
  42  3:54  Zergling x2  
  48  3:55  Zergling x2  
  48  4:02  Zergling x2  
  49  4:05  Ravager  
  49  4:06  Zergling x4  
  50  4:13  Zergling x2  
  50  4:15  Zergling x4  
  50  4:16  Zergling x2  
  51  4:19  Zergling x2  
  51  4:21  Drone  
  51  4:23  Drone  
  48  4:29  Zergling x4  
  47  4:34  Zergling x2  
  44  4:42  Zergling x4  
  44  4:46  Zergling x2  
  44  4:49  Zergling x2  
  46  4:55  Queen  
  46  4:57  Zergling x4  
  48  5:05  Zergling x4  
  48  5:11  Drone x4  
  48  5:13  Drone  
  50  5:16  Drone  
  50  5:17  Drone  
  50  5:20  Drone  
  46  5:29  Drone x2  
  46  5:33  Drone  
  44  5:36  Queen  
  44  5:38  Spore Crawler  
  44  5:41  Spore Crawler  
  41  5:43  Spore Crawler  
  41  5:49  Drone x3  
  43  5:58  Lair  
  43  6:03  Overlord  
  43  6:04  Drone  
  42  6:09  Drone x2  
  42  6:21  Queen  
  42  6:24  Queen  
  47  6:25  Drone x4  
  47  6:32  Overlord  
  50  6:34  Extractor  
  50  6:35  Extractor  
  50  6:39  Drone x2  
  50  6:44  Overlord  
  50  6:51  Drone x5  
  55  6:56  Queen  
  54  7:01  Queen  
  54  7:08  Queen  
  54  7:09  Hydralisk Den  
  53  7:19  Zergling x10  
  53  7:21  Zergling x8  
  60  7:23  Zergling x2  
  60  7:26  Zergling x4  
  62  7:37  Zergling x6  
  62  7:43  Overlord  
  58  7:46  Overlord  
  58  7:49  Overlord  
  58  7:51  Overlord  
  57  7:54  Zergling x4  
  57  7:56  Grooved Spines  
  57  7:57  Drone  
  59  8:05  Drone x3  
  60  8:13  Overseer  
  60  8:16  Zergling x6  
  61  8:20  Hydralisk x4  
  69  8:30  Hydralisk x3  
  75  8:38  Queen  
  75  8:39  Overlord  
  75  8:40  Drone, Hydralisk  
  80  8:47  Hydralisk  
  82  8:51  Overlord  
  82  9:03  Hydralisk x4  
  82  9:07  Muscular Augments  
  85  9:11  Roach x4  
  92  9:18  Hydralisk  
  92  9:19  Roach  
  91  9:27  Roach x4  
  91  9:31  Overlord  
  96  9:32  Zergling x2  
  96  9:34  Overlord  
  97  9:39  Overseer  
  94  9:53  Roach  
  94  9:54  Roach x7  
  94  9:57  Zergling x4  
  110  10:01  Zergling x2  
  110  10:02  Zergling x6  
  110  10:05  Overlord  
  114  10:07  Overlord  
  114  10:17  Overlord  
  113  10:23  Overlord  
  113  10:25  Zergling x10  
  113  10:27  Ravager x2  
  120  10:29  Ravager  
  120  10:30  Ravager  
  120  10:31  Zergling x8  
  120  10:33  Ravager  
  127  10:37  Zergling x8  
  131  10:44  Zergling x2  
  131  10:45  Zergling x8  
  136  10:52  Zergling x6  
  135  10:57  Zergling x2  
Tags
 
Add a new tag
Caveats
  • Supply blocks, unpowered buildings, or Contaminate may cause inaccurate times.
  • Supply counts are checked every 10 seconds.